 Dungeon Crawl Stone Soup version 0.30.0-18-gc0e69614cb (webtiles) character file.

Game seed: 14646659777974923114

316 KittyFluff the Cudgeller (level 6, -1/39 HPs)
             Began as a Gargoyle Berserker on May 24, 2023.
             Was a Believer of Trog.
             Splashed by a jelly's acid (10 damage)
             ... on level 4 of the Dungeon.
             The game lasted 00:13:28 (2936 turns).

KittyFluff the Cudgeller (Gargoyle Berserker)       Turns: 2936, Time: 00:13:28

Health: -1/39      AC:  3    Str: 20    XL:     6   Next: 44%
Magic:  6/6        EV: 12    Int:  8    God:    Trog [**....]
Gold:   152        SH:  0    Dex: 11    Spells: 5/5 levels left

rFire   . . .        a - +0 mace
rCold   . . .        (no shield)
rNeg    + . .        e - +0 leather armour
rPois   ∞            r - +1 helmet
rElec   +            h - +0 cloak
rCorr   .            (no gloves)
SInv    .            (no boots)
Will    .....        (no amulet)
Stlth   +            (no ring)
HPRegen 0.26/turn    (no ring)
MPRegen 0.10/turn

%: no passive effects
@: corroded
A: sickness immunity, AC +4, negative energy resistance 1, electricity
resistance, torment resistance 1, petrification resistance
a: Renounce Religion, Berserk, Trog's Hand


You were on level 4 of the Dungeon.
You worshipped Trog.
Trog was pleased with you.
You visited 1 branch of the dungeon, and saw 4 of its levels.

You collected 180 gold pieces.
You spent 28 gold pieces at shops.

Inventory:

Hand Weapons
 a - a +0 mace (weapon)
 q - a +0 sling
Missiles
 b - 2 javelins (quivered)
 i - 5 boomerangs
Armour
 e - a +0 leather armour (worn)
 h - a +0 cloak (worn)
 r - a +1 helmet (worn)
Scrolls
 c - 2 scrolls of immolation
 d - 2 scrolls of teleportation {unknown}
 f - a scroll of blinking {unknown}
 g - a scroll of magic mapping {unknown}
 j - 3 scrolls of silence {unknown}
 l - a scroll of enchant armour
 o - a scroll of fog
Potions
 k - a potion of heal wounds
 m - 2 potions of curing {unknown}
 n - a potion of lignification {unknown}
 p - a potion of might {unknown}
 s - a potion of flight {unknown}
 t - a potion of degeneration {unknown}


   Skills:
 + Level 4.3 Fighting
 + Level 5.0 Maces & Flails
 * Level 3.9 Armour
 + Level 2.6 Dodging
 + Level 0.6 Stealth


You had 5 spell levels left.
You didn't know any spells.
Your spell library was empty.

Dungeon Overview and Level Annotations

Branches:
Dungeon (4/15)             Temple (0/1) D:4

Altars:
Gozag
Trog

Shops:
D:3 (?(=

Annotations:
D:4 1 runed translucent door, Mangosteen's ghost, novice KoBr


Innate Abilities, Weirdness & Mutations

You are immune to sickness and miasma.
Your stone body is resilient. (AC +4)
You are immune to poison.
You resist negative energy. (rN+)
You are resistant to electric shocks. (rElec)
You are resistant to unholy torment.
You are immune to petrification.


Message History

There is a dry fountain here.
There is a dry fountain here.
Found a staircase to the Ecumenical Temple.
There is a fountain of sparkling water here.
There is a dry fountain here.
There is a fountain of clear blue water here.
Items here: ))) †††.
Things that are here:
a +0 dagger; a +0 robe; an orc corpse An endoplasm comes into view.
You hit the endoplasm.
The endoplasm is moderately wounded.
The endoplasm freezes you.
You are frozen.
You hit the endoplasm.
You kill the endoplasm!
Trog accepts your kill.
Found a bubbling orange potion.
t - a bubbling orange potion A jelly comes into view.
The jelly hits you but does no damage.
You hit the jelly.
Your hands burn!
The jelly is moderately wounded.
The jelly closely misses you.
You hit the jelly.
Your hands burn!
The jelly is moderately wounded.
The jelly barely misses you.
You hit the jelly but do no damage. The acid corrodes you!
Your hands burn!
You punch the jelly, but do no damage.
The jelly is moderately wounded.
The jelly barely misses you.
You sock the jelly!
Your hands burn!
The jelly is almost dead.
The jelly barely misses you.
You hit the jelly but do no damage. The acid corrodes you!
Your hands burn!
The jelly is almost dead.
The jelly hits you.
You are splashed with acid!
The jelly hits you.
* * * LOW HITPOINT WARNING * * *
You are splashed with acid!
You die...

######## #
####..#.#.### #.##.
###.##....#.#.##
......##..............#
#.J@....##........#
...............##...###
............##.##...###
....#....#............#
... #...##...........##
.. ##.###..........## .
## ##.........##### ..
#...>......#.#.# ..####
##...............


You could see a jelly.

Vanquished Creatures
  A scorpion (D:4)
  A howler monkey (D:4)
  2 hounds
  An orc wizard (D:4)
  3 adders
  A worm (D:4)
  5 dart slugs
  11 orcs
  5 ball pythons
  4 endoplasms
  A giant cockroach (D:2)
  6 goblins
  9 hobgoblins
  4 jackals (D:2)
  4 kobolds
  4 quokkas
  8 bats
  4 frilled lizards
  6 rats
80 creatures vanquished.

Notes
Turn   | Place    | Note
-------+----------+-------------------------------------------
     0 | D:1      | KittyFluff the Gargoyle Berserker began the quest for the
                  | Orb.
     0 | D:1      | Reached XP level 1. HP: 14/14 MP: 1/1
   269 | D:1      | Reached XP level 2. HP: 19/19 MP: 2/2
   835 | D:2      | Reached XP level 3. HP: 23/23 MP: 3/3
  1061 | D:2      | Reached ** piety under Trog
  1270 | D:2      | Reached XP level 4. HP: 28/29 MP: 4/4
  1419 | D:3      | Found Hesuc's Magic Scroll Boutique.
  1446 | D:3      | Bought a scroll of identify for 28 gold pieces
  1596 | D:3      | Found Xistenkowi's Weapon Boutique.
  1704 | D:3      | Reached skill level 4 in Maces & Flails
  1713 | D:3      | Reached XP level 5. HP: 9/33 MP: 5/5
  1820 | D:3      | Found Mimil's Jewellery Boutique.
  1858 | D:3      | Found Ididazipn's Antique Weapon Shoppe.
  1884 | D:3      | Found an opulent altar of Gozag.
  2170 | D:3      | Found a bloodstained altar of Trog.
  2410 | D:4      | Noticed Mangosteen's ghost (novice KoBr)
  2445 | D:4      | Found a runed translucent door.
  2450 | D:4      | Identified the ring "Xempudgh" {Fire Contam rPois rCorr
                  | Dex+4}
  2473 | D:4      | Reached XP level 6. HP: 36/38 MP: 6/6
  2773 | D:4      | Reached skill level 5 in Maces & Flails
  2869 | D:4      | Found a staircase to the Ecumenical Temple.
  2936 | D:4      | Splashed by a jelly's acid

Illustrated notes

Levels and vault maps discovered:
D:1:      dpeg_arrival_rooms_b, layout_basic
D:2:      layout_loops_cross, grunt_ministairs_15, chequers_big_river,
          minmay_pentomino_p2
D:3:      layout_basic, bloody_trog, mainiacjoe_overflow_paths, serial_shops,
          nicolae_shop_behind_doors, shop, nicolae_shop_tiny_glass,
          nicolae_shop_statue_plus, roderic_lattice_a
D:4:      layout_cave_pools, mainiacjoe_overflow_catwalk,
          minmay_temple_entry_nine_rooms, ebering_ghost_inner_flame, uniq_ijyb

Skill      XL: |  1  2  3  4  5  6 |
---------------+-------------------+-----
Armour         | 3 |  3.9
Dodging        | 2 |  2.6
Maces & Flails | 4 5 |  5.0
Fighting       | 4 |  4.3
Stealth        | |  0.6

Action                     |  1- 3 |  4- 6 || total
---------------------------+-------+-------++-------
  Melee: Mace              |   114 |   173 ||   287
         Punch             |     1 |     6 ||     7
    Use: Scroll            |       |     4 ||     4
 Armour: Leather armour    |    60 |    93 ||   153
  Dodge: Dodged            |    75 |   123 ||   198
